 Dungeon Crawl Stone Soup version 0.25-a0-10-g2fe12d4386 (webtiles) character file.

Game seed: 15307047306252457727, levelgen mode: deterministic

97 Arixos the Shield-Bearer (level 4, -9/37 HPs)
             Began as a Demonspawn Fighter on Oct 15, 2019.
             Mangled by a crocodile (13 damage)
             ... in a sewer.
             The game lasted 00:09:18 (1338 turns).

Arixos the Shield-Bearer (Demonspawn Fighter)       Turns: 1338, Time: 00:09:19

Health: -9/37      AC:  6    Str: 22    XL:     4   Next: 42%
Magic:  0/4        EV:  7    Int:  9    God:
Gold:   91         SH: 14    Dex: 13    Spells: 3/3 levels left

rFire    + . .     SeeInvis .   a - +1 war axe
rCold    . . .     Gourm    .   c - +0 shield
rNeg     . . .     Faith    .   b - +0 scale mail
rPois    .         Spirit   +   (no helmet)
rElec    .         Reflect  .   g - scarf {Spirit}
rCorr    .         Harm     .   (no gloves)
MR       .....                  (no boots)
Stlth    ..........             (no amulet)
HPRegen  0.12/turn              (no ring)
MPRegen  0.09/turn              (no ring)

@: mighty
A: large bone plates 1, fire resistance 1
a: no special abilities


You were in a sewer.
You were not hungry.

You visited 1 branch of the dungeon, and saw 3 of its levels.
You also visited: Sewer.

You collected 91 gold pieces.

Inventory:

Hand Weapons
 a - a +1 war axe (weapon)
Missiles
 k - 13 poisoned darts (quivered)
Armour
 b - a +0 scale mail (worn)
 c - a +0 shield (worn)
 g - a scarf of spirit shield (worn)
 m - a +1 cloak
Wands
 o - a wand of acid (6)
Scrolls
 e - 2 scrolls of enchant armour
 h - 3 scrolls of identify
 j - a scroll of remove curse {unknown}
Potions
 l - a potion of curing {unknown}
 n - 2 potions of mutation {unknown}
 s - a potion of flight {unknown}
Comestibles
 f - 5 rations
 i - 11 chunks of flesh


   Skills:
 + Level 3.6 Fighting
 - Level 1.7 Axes
 + Level 3.3 Armour
 * Level 3.9 Shields


You had 3 spell levels left.
You didn't know any spells.
Your spell library was empty.

Dungeon Overview and Level Annotations

Branches:
Dungeon (3/15)              Sewer (1/1)

Altars:
Cheibriados


Innate Abilities, Weirdness & Mutations

You are partially covered in large bone plates. (SH +4)
Your flesh is heat resistant. (rF+)


Message History

You closely miss the crocodile. The crocodile closely misses you.
The crocodile bites you.
You slash the crocodile!
The crocodile is moderately wounded.
The crocodile bites you!
Your shield and scale mail prevent you from hitting the crocodile.
The crocodile is moderately wounded.
You block the crocodile's attack. The crocodile bites you!
* * * LOW HITPOINT WARNING * * *
You slash the crocodile!
The crocodile is heavily wounded.
You block the crocodile's attack.
You hit the crocodile.
The crocodile is severely wounded.
You block the crocodile's attack. The crocodile bites you!
* * * LOW HITPOINT WARNING * * *
You barely miss the crocodile.
The crocodile is severely wounded.
The crocodile bites you!
You die...

#.# #.# #.# #######
#.# ##.....## #.#
##...≈...## #.#
##...≈≈≈...#######.#
#.∩.≈≈≈≈≈.......@t.#
##...≈≈≈...#######.#
##..÷≈...## #.#
##.....## #.#
####### #t# ... ...
..... .....


You could see a crocodile.

Vanquished Creatures
  2 adders
  A gnoll (D:1)
  A river rat (D:3)
  2 worms (D:3)
  A dart slug (D:1)
  2 leopard geckos
  A ball python (D:2)
  10 bats
  4 giant cockroaches
  4 goblins
  4 hobgoblins
  7 jackals (D:1)
  A frilled lizard (D:2)
  3 kobolds
  10 rats
53 creatures vanquished.

Notes
Turn   | Place    | Note
-------+----------+-------------------------------------------
     0 | D:1      | Arixos the Demonspawn Fighter began the quest for the Orb.
     0 | D:1      | Reached XP level 1. HP: 18/18 MP: 1/1
   147 | D:1      | Gained mutation: Your flesh is heat resistant. (rF+)
                  | [demonic ancestry]
   147 | D:1      | Reached XP level 2. HP: 11/24 MP: 2/2
   559 | D:1      | Found a snail-covered altar of Cheibriados.
   576 | D:1      | Gained mutation: You are partially covered in large bone
                  | plates. (SH +4) [demonic ancestry]
   576 | D:1      | Reached XP level 3. HP: 24/29 MP: 3/3
   779 | D:2      | Found a faded altar of an unknown god.
  1190 | D:3      | Reached XP level 4. HP: 30/35 MP: 2/4
  1269 | D:3      | Found a glowing drain.
  1279 | Sewer    | Entered a sewer
  1324 | Sewer    | Noticed a crocodile
  1338 | Sewer    | Mangled by a crocodile

Levels and vault maps discovered:
D:1:      ebering_trefoil_twist, layout_basic, serial_park_tiny_1,
          cheibriados_altar_1
D:2:      layout_rooms, chequers_ecumenical_altar_twisty
D:3:      layout_basic, nemelex_altar_shiori, lemuel_crystal_altar,
          portal_sewer_entry_e, lemuel_statue_altar
Sewer:    sewer_big_baddie

Skill      XL: |  1  2 |
---------------+-------+-----
Shields        | 3 |  3.9
Armour         | 3 |  3.3
Fighting       | |  3.6
Axes           | |  1.7

Action                   |  1- 3 |  4- 6 || total
-------------------------+-------+-------++-------
Melee: War axe           |   134 |    48 ||   182
  Use: Scroll            |     6 |       ||     6
       Potion            |       |     1 ||     1
  Eat: Chunk             |     1 |     1 ||     2
Armor: Scale mail        |    85 |    21 ||   106
Dodge: Dodged            |    44 |    11 ||    55
Block: Shield            |   115 |    42 ||   157

Table legend:
 A = Non-vault XP
 B = Vault XP
 C = Vault XP percentage of total XP
 D = Non-vault monster count
 E = Vault monster count
 F = Vault count percentage of total count
                 A         B        C        D         E       F
            +---------+---------+-------+---------+---------+-------
      Total |     104 |      35 |  25.2 |      40 |      13 |  24.5
            +---------+---------+-------+---------+---------+-------
        D:1 |      50 |       0 |   0.0 |      20 |       0 |   0.0
        D:2 |      34 |       0 |   0.0 |      13 |       0 |   0.0
        D:3 |      20 |      29 |  59.2 |       7 |       8 |  53.3
      Sewer |       0 |       6 | 100.0 |       0 |       5 | 100.0
            +---------+---------+-------+---------+---------+-------
